 Dungeon Crawl Stone Soup version 0.25.0-37-gb73750e0fb (webtiles) character file.

Game seed: 18319716441107438720

200 xccam the Cutter (level 5, -4/51 HPs)
             Began as an Octopode Assassin on July 8, 2020.
             Was a Believer of Uskayaw.
             Slain by an orc
             ... wielding a +0 flail
              (5 damage)
             ... on level 3 of the Dungeon.
             The game lasted 00:01:46 (1635 turns).

xccam the Cutter (Octopode Assassin)                Turns: 1635, Time: 00:01:48

Health: -4/51      AC:  1    Str: 10    XL:     5   Next: 79%
Magic:  5/5        EV: 13    Int: 13    God:    Uskayaw [**....]
Gold:   67         SH:  0    Dex: 15    Spells: 4/4 levels left

rFire    . . .     SeeInvis .   a - +2 dagger
rCold    . . .     Gourm    .   (no shield)
rNeg     . . .     Faith    +   (helmet restricted)
rPois    .         Spirit   .   s - amulet of faith
rElec    .         Reflect  .   (no ring)
rCorr    .         Harm     .   (no ring)
MR       .....                  (no ring)
Stlth    ..........             (no ring)
HPRegen  0.17/turn              (no ring)
MPRegen  0.09/turn              (no ring)
                                (no ring)
                                (no ring)

@: berserking, flying, very slightly contaminated, invisible, very quick
A: almost no armour, stealthy swim, amphibious, 8 rings, constrict 8, camouflage
1, gelatinous body 1
a: Stomp, Line Pass, Renounce Religion


You were on level 3 of the Dungeon.
You worshipped Uskayaw.
Uskayaw was noncommittal.
You were not hungry.

You visited 1 branch of the dungeon, and saw 3 of its levels.

You collected 67 gold pieces.

Inventory:

Hand Weapons
 a - a +2 dagger (weapon)
Missiles
 b - 28 poisoned darts (quivered)
 c - 2 curare-tipped darts
Armour
 l - a +0 buckler
Jewellery
 s - an amulet of faith (around mantle)
Wands
 o - a wand of random effects (6)
Scrolls
 e - a scroll of enchant armour {unknown}
 g - 3 scrolls of identify {unknown}
 k - 3 scrolls of teleportation {unknown}
 m - a scroll of fog {unknown}
 n - a scroll of amnesia {unknown}
 r - a scroll of remove curse {unknown}
Potions
 j - a potion of heal wounds {unknown}
 p - a potion of might {unknown}
 q - a potion of flight
Comestibles
 d - 6 rations
 f - 3 chunks of flesh


   Skills:
 - Level 2.0 Fighting
 + Level 5.8 Short Blades
 - Level 2.0 Throwing
 - Level 1.0 Dodging
 - Level 5.3 Stealth


You had 4 spell levels left.
You didn't know any spells.
Your spell library contained the following spells:

 Spells                   Type           Power        Failure   Level  Hunger
 Corona                   Hex            #......      30%         1    ##.....
 Ensorcelled Hibernation  Hex/Ice        #.....       43%         2    ###....
 Confusing Touch          Hex            #.......     67%         3    ####...
 Dazzling Flash           Conj/Hex       #.....       67%         3    ####...
 Tukima's Dance           Hex            #.......     67%         3    ####...


Dungeon Overview and Level Annotations

Branches:
Dungeon (3/15)

Altars:
Uskayaw
Xom
Zin


Innate Abilities, Weirdness & Mutations

You cannot wear most types of armour.
You are very stealthy in the water. (Stealth+)
You are amphibious.
You can wear up to eight rings at the same time.
You can use your tentacles to constrict eight enemies at once.
Your skin changes colour to match your surroundings (Stealth+).
Your rubbery body absorbs attacks. (AC +1, EV +1)


Message History

You feel very buoyant.
You fly up into the air.
You constrict the orc. The hobgoblin barely misses you.
The orc hits you with a +0 short sword.
* * * LOW HITPOINT WARNING * * *
It was a potion of invisibility.
You fade into invisibility!
You constrict the orc, but do no damage.
The hobgoblin hits you.
* * * LOW HITPOINT WARNING * * *
The orc closely misses you.
The orc struggles to escape constriction.
You are very lightly contaminated with residual magic.
It was a potion of berserk rage.
A red film seems to cover your vision as you go berserk!
You feel yourself moving faster!
You feel mighty!
You constrict the orc.
You kill the orc!
The hobgoblin hits you.
* * * LOW HITPOINT WARNING * * *
The orc hits you with a +0 flail.
You die...

...#####.>....#.##≈.≈.#^..
. >. #......###≈...##.⌠≈
#.###.....###≈.##≈.#.≈#
#.......####≈#≈#..##≈≈.
...##.....## #....#...#[.
##......###≈.§≈..#..≈. #
#...#....†#≈##§#≈##≈#≈
#.#.#.#.....##.≈.⌠≈####.
##.....#@.....##≈.≈.≈.#⌠≈
#......oog...#.###.≈≈#.#.
......g.).......#########
.......)..........
..............####.
..............#
...............#
........#.......
.........#...##.


You could see an orc wizard, an orc, a hobgoblin and a goblin.

Vanquished Creatures
  A bullfrog (D:3)
  A scorpion (D:3)
  3 adders
  2 worms
  2 dart slugs
  A leopard gecko (D:1)
  3 orcs (D:3)
  11 bats
  2 giant cockroaches (D:1)
  4 goblins
  3 hobgoblins (D:1)
  9 kobolds
  4 ball pythons
  2 frilled lizards (D:1)
  7 rats
55 creatures vanquished.

Notes
Turn   | Place    | Note
-------+----------+-------------------------------------------
     0 | D:1      | xccam the Octopode Assassin began the quest for the Orb.
     0 | D:1      | Reached XP level 1. HP: 14/14 MP: 1/1
    76 | D:1      | Reached XP level 2. HP: 10/19 MP: 2/2
   477 | D:1      | Reached XP level 3. HP: 17/24 MP: 3/3
   891 | D:2      | Reached XP level 4. HP: 29/29 MP: 4/4
  1261 | D:3      | Found a glowing silver altar of Zin.
  1291 | D:3      | Reached skill level 5 in Short Blades
  1300 | D:3      | Noticed a +0 dagger
  1301 | D:3      | Noticed a +0 hand axe
  1304 | D:3      | Found a hide-covered altar of Uskayaw.
  1379 | D:3      | Became a worshipper of Uskayaw the Reveler
  1405 | D:3      | Found a shimmering altar of Xom.
  1454 | D:3      | Noticed a bullfrog
  1457 | D:3      | Reached XP level 5. HP: 30/34 MP: 5/5
  1459 | D:3      | Reached * piety under Uskayaw
  1461 | D:3      | Reached ** piety under Uskayaw
  1464 | D:3      | Reached *** piety under Uskayaw
  1466 | D:3      | Reached **** piety under Uskayaw
  1635 | D:3      | HP: 1/51 [hobgoblin (3)]
  1635 | D:3      | Slain by an orc

Illustrated notes

Levels and vault maps discovered:
D:1:      psy_arrival_fountain, layout_basic
D:2:      layout_rooms, nicolae_overflow_hidden_temple
D:3:      layout_rooms, lemuel_coloured_pillars_altar, dancing_weapons_uskayaw,
          tgw_xom, chequers_ecumenical_altar_island, minivault_26

Skill      XL: |  1  2  3  4 |
---------------+-------------+-----
Short Blades   | 3 4 5 |  5.8
Fighting       | |  2.0
Throwing       | |  2.0
Dodging        | |  1.0
Stealth        | |  5.3

Action                   |  1- 3 |  4- 6 || total
-------------------------+-------+-------++-------
Melee: Dagger            |    65 |    32 ||    97
       Constrict         |    16 |    11 ||    27
       Tentacles         |     8 |     8 ||    16
  Use: Potion            |       |     3 ||     3
 Stab: Sleeping          |     6 |     3 ||     9
       Paralysed         |       |     2 ||     2
  Eat: Chunk             |       |     2 ||     2
Armor: Skin              |     6 |     3 ||     9
Dodge: Dodged            |    44 |    20 ||    64
